 Dungeon Crawl Stone Soup version 0.17.0-28-g6e173f8 (webtiles) character file.

389 Dickchan the Archer (level 6, -3/39 HPs)
             Began as a High Elf Hunter on Nov 26, 2015.
             Slain by a centaur (4 damage)
             ... on level 4 of the Dungeon.
             The game lasted 00:11:16 (4614 turns).

Dickchan the Archer (High Elf Hunter)               Turns: 4614, Time: 00:11:16

Health: -3/39      AC:  6    Str: 11    XL:     6   Next: 50%
Magic:  8/8        EV: 14    Int: 15    God:
Gold:   239        SH:  0    Dex: 18    Spells: 0 memorised, 6 levels left

rFire  . . .     SeeInvis .     a - +1 shortbow
rCold  . . .     Clarity  .     c - +0 leather armour
rNeg   . . .     SustAt   .     (shield currently unavailable)
rPois  .         Gourm    .     w - +0 helmet
rElec  .         Spirit   .     q - +0 cloak
rCorr  .         Warding  .     z - +0 pair of gloves
rMut   .         Stasis   .     (no boots)
MR     .....                    (no amulet)
Stlth  +++.......               (no ring)
                                (no ring)

@: not resistant to hostile enchantments, fairly stealthy
A: no striking features
a: no special abilities


You were on level 4 of the Dungeon.
You were hungry.

You visited 1 branch of the dungeon, and saw 4 of its levels.

You collected 239 gold pieces.

Inventory:

Hand Weapons
 a - a +1 shortbow (weapon)
 b - a +0 short sword
 y - a +0 rapier of holy wrath
Missiles
 d - 2 arrows (quivered)
Armour
 c - a +0 leather armour (worn)
 q - a +0 cloak (worn)
 w - a +0 helmet (worn)
 z - a +0 pair of gloves (worn)
Jewellery
 B - an uncursed ring of poison resistance {unknown}
Scrolls
 f - a scroll of magic mapping {unknown}
 i - a scroll of recharging {unknown}
 j - 2 scrolls of teleportation {unknown}
 l - a scroll of remove curse {unknown}
 m - a scroll of random uselessness {unknown}
 r - 2 scrolls of identify {unknown}
 t - a scroll of blinking {unknown}
 u - a scroll of enchant armour {unknown}
 A - a scroll of immolation {unknown}
Potions
 g - 2 potions of degeneration {unknown}
 k - a potion of heal wounds {unknown}
 o - a potion of poison {unknown}
 p - a potion of brilliance {unknown}
 s - 2 potions of curing {unknown}
 v - a potion of invisibility {unknown}
 x - 2 potions of magic {unknown}
Comestibles
 e - 3 bread rations
 h - a fruit
 n - 4 meat rations


   Skills:
 - Level 2.0 Fighting
 * Level 8.1 Bows
 + Level 4.1 Dodging
 - Level 4.0 Stealth
 + Level 0.9 Spellcasting


You had 6 spell levels left.
You didn't know any spells.

Dungeon Overview and Level Annotations

Branches:
Dungeon (4/15)
 Temple: D:4-7

Altars:
Gozag
The Shining One

Annotations:
D:4 Sigmund


Message History

Firing (i - inventory):
d - 5 arrows (quivered)
Press: ? - help, Shift-Dir - straight line, f/p - centaur
Aim: a centaur (heavily wounded)
You shoot an arrow. The arrow hits the centaur.
The centaur is severely wounded.
The centaur hits you but does no damage.
The centaur closely misses you.
Firing (i - inventory):
d - 4 arrows (quivered)
Press: ? - help, Shift-Dir - straight line, f/p - centaur
Aim: a centaur (severely wounded)
You shoot an arrow. The arrow hits the centaur.
The centaur is severely wounded.
The centaur closely misses you.
Firing (i - inventory):
d - 3 arrows (quivered)
Press: ? - help, Shift-Dir - straight line, f/p - centaur
Aim: a centaur (severely wounded)
You shoot an arrow. The arrow hits the centaur.
The centaur is severely wounded.
The centaur hits you.
You die...

..............................#
.#..........###.########.####.###
.###.#..##..# #.# #.........
....###.##..# #.# ######.###
##.## ##....# #.########## #.###
###.###.##.## #..........# #....
.....#.###.#############.# #.##.
.....................# #.# #(##.
##########......@c##.# #.####.##.
#..#####.##.# #.##...##. #..#
#.##.# #.##.####. #..#
#.##.###.##.####. #..#
#.##............g
#..#####.#########.#.##.
#....>...#...#####.#.##. ######
#...........<......#.##. .....#
#.##.#####...###.g..g.g.


You could see a centaur.

Vanquished Creatures
  The ghost of Vorrek the Vandal, an amateur KoAM (D:3)
  2 orc priests (D:3)
  A worker ant (D:4)
  A gnoll (D:4)
  10 adders
  An ooze (D:3)
  4 worms
  6 orcs (D:3)
  4 bats
  5 giant cockroaches
  9 hobgoblins
  3 jackals (D:2)
  3 quokkas (D:2)
  2 giant geckos
  7 giant newts
  10 goblins
  7 kobolds
  A quokka skeleton (D:4)
  5 rats
82 creatures vanquished.

Notes
Turn   | Place    | Note
--------------------------------------------------------------
     0 | D:1      | Dickchan the High Elf Hunter began the quest for the Orb.
     0 | D:1      | Reached XP level 1. HP: 14/14 MP: 2/2
   318 | D:1      | Reached XP level 2. HP: 19/19 MP: 3/3
  1239 | D:2      | Found an opulent altar of Gozag.
  1448 | D:2      | Reached skill level 6 in Bows
  1466 | D:2      | Reached XP level 3. HP: 15/24 MP: 4/4
  2040 | D:2      | Reached XP level 4. HP: 13/29 MP: 5/5
  2756 | D:3      | Reached skill level 7 in Bows
  2756 | D:3      | Reached XP level 5. HP: 31/34 MP: 6/6
  2991 | D:3      | Noticed Vorrek's ghost (amateur KoAM)
  3117 | D:3      | Killed Vorrek's ghost
  3117 | D:3      | Reached XP level 6. HP: 22/39 MP: 7/7
  3469 | D:3      | Found a glowing golden altar of the Shining One.
  3559 | D:3      | Reached skill level 8 in Bows
  4279 | D:4      | Noticed Sigmund
  4610 | D:4      | HP: 1/39 [centaur (6)]
  4614 | D:4      | Slain by a centaur

Action                   |  1- 3 |  4- 6 || total
-------------------------+-------+-------++-------
Melee: Short sword       |   113 |    11 ||   124
       Rapier            |       |    13 ||    13
 Fire: Shortbow          |    58 |   161 ||   219
 Stab: Sleeping          |     3 |       ||     3
  Eat: Chunk             |     2 |     4 ||     6
       Bread ration      |       |     1 ||     1
